 Dungeon Crawl Stone Soup version 0.30.1-3-gfc49f6343a (webtiles) character file.

Game seed: 14147833812105021008

28282 LittleThickWarRabbit the Severer (level 13, -2/96 HPs)
             Began as a Minotaur Berserker on July 22, 2023.
             Was an Elder of Trog.
             Slain by a death yak (19 damage)
             ... on level 1 of the Lair of Beasts.
             The game lasted 00:34:46 (11223 turns).

LittleThickWarRabbit the Severer (MiBe)            Turns: 11223, Time: 00:34:46

Health: -2/96      AC: 24    Str: 28    XL:     13   Next: 8%
Magic:  4/4        EV: 15    Int:  4    God:    Trog [****..]
Gold:   701        SH: 12    Dex: 17    Spells: 12/12 levels left

rFire   . . .        X - +4 broad axe (antimagic)
rCold   . . .        u - +0 kite shield
rNeg    . . .        e - +1 crystal plate armour "Ollyan" {Str+2}
rPois   .            (helmet restricted)
rElec   .            Q - scarf {shadows}
rCorr   .            (no gloves)
SInv    .            o - +0 pair of boots
Will    .....        R - amulet of reflection Stlth
                     i - +6 ring of dexterity
HPRegen 0.36/turn    y - +5 ring of evasion
MPRegen 0.09/turn

%: reflection
@: on berserk cooldown, slowed, invisible, very slow
A: horns 2, retaliatory headbutt
a: Renounce Religion, Berserk, Trog's Hand, Brothers in Arms


You were on level 1 of the Lair of Beasts.
You worshipped Trog.
Trog was greatly pleased with you.
You visited 2 branches of the dungeon, and saw 13 of its levels.

You collected 701 gold pieces.

Inventory:

Hand Weapons
 a - a +0 hand axe
 r - a +0 war axe
 A - a +1 battleaxe of electrocution
 P - a +2 executioner's axe of flaming
 X - a +4 antimagic broad axe (weapon)
Missiles
 w - a throwing net
 C - 24 poisoned darts (quivered)
Armour
 b - a +0 animal skin
 c - a +0 chain mail
 d - a +0 cloak
 e - the +1 crystal plate armour "Ollyan" (worn) {Str+2}
   (You acquired it on level 1 of the Dungeon)

   Str:       It affects your strength (+2).
 o - a +0 pair of boots (worn)
 u - a +0 kite shield (worn)
 Q - a scarf of shadows (worn)
Jewellery
 i - a +6 ring of dexterity (left hand)
 t - a ring of protection from fire
 v - a +5 ring of evasion
 y - a +5 ring of evasion (right hand)
 E - a +6 ring of intelligence
 R - an amulet of reflection (around neck)
 S - a ring of positive energy
 T - a ring of protection from cold
 U - an amulet of the acrobat
Wands
 p - a wand of polymorph (11)
 F - a wand of digging (5)
 G - a wand of paralysis (12)
 J - a wand of roots (16)
 K - a wand of flame (16)
 M - a wand of acid (1)
Scrolls
 n - 4 scrolls of noise
 s - 4 scrolls of teleportation
 H - 3 scrolls of amnesia
 N - 3 scrolls of blinking
 O - 4 scrolls of fear
 W - 3 scrolls of identify
 Y - a scroll of silence
Potions
 f - 3 potions of curing
 g - 3 potions of magic
 h - 2 potions of attraction
 j - 3 potions of resistance
 k - 5 potions of degeneration
 l - a potion of invisibility
 m - 5 potions of flight
 q - 3 potions of brilliance
 x - 4 potions of might
 z - 2 potions of ambrosia
 B - a potion of lignification
 D - a potion of mutation
 I - 2 potions of berserk rage {unknown}
 L - a potion of heal wounds {unknown}
Miscellaneous
 V - a piece from Xom's chessboard (15/15)


   Skills:
 - Level 3.9 Fighting
 * Level 17.8 Axes
 + Level 7.1 Throwing
 + Level 12.9 Armour
 + Level 11.9 Dodging


You had 12 spell levels left.
You didn't know any spells.
Your spell library was empty.

Dungeon Overview and Level Annotations

Branches:
Dungeon (10/15)            Temple (0/1) D:7            Lair (3/5) D:9
  Swamp (0/4) Lair:3       Spider (0/4) Lair:2
    Orc: D:9-12

Altars:
Cheibriados
Fedhas
Gozag
Nemelex Xobeh
Okawaru
Ru
Sif Muna
Trog
Vehumet
Yredelemnul
The Shining One

Shops:
D:4 *


Innate Abilities, Weirdness & Mutations

You have a pair of horns on your head.
You reflexively headbutt those who attack you in melee.


Message History

The death yak is heavily wounded.
The death yak misses you. You furiously retaliate!
You headbutt the death yak! You barely miss the death yak.
The death yak is severely wounded.
You slash the death yak! Your headbutt misses the death yak.
The death yak is severely wounded.
The death yak closely misses you. You furiously retaliate!
You headbutt the death yak.
You catch the helpless death yak completely off-guard!
You slice the death yak!!
You kill the death yak!
Trog accepts your kill.
You can now call in reinforcements.
The death yak gores you.
* * * LOW HITPOINT WARNING * * *
You slash the death yak!
The death yak is lightly wounded.
You block the death yak's attack.
You catch the helpless death yak completely off-guard!
You slice the death yak!!
You headbutt the death yak, but do no damage.
The death yak is heavily wounded.
You are no longer berserk.
You are exhausted.
You feel yourself slow down.
You slash the death yak!
The death yak is severely wounded.
The death yak barely misses you. The death yak closely misses you.
You furiously retaliate!
You headbutt the death yak.
You catch the helpless death yak completely off-guard!
You hit the death yak.
The death yak is severely wounded.
You hit the death yak.
The death yak is severely wounded.
The death yak gores you!
* * * LOW HITPOINT WARNING * * *
You catch the helpless death yak completely off-guard!
You hit the death yak. You headbutt the death yak.
The death yak is almost dead.
The death yak gores you!!
You die...

#.####### #.## #.# #.###
#.##..#.######..# ##.#### #.###
#..............####P.##.### #.#P.
#..######............#....###....
...##.###.#########...###.##.####
?.....(.#.# ####.....##.....(..
.......##.# #.#†###..##.####.##
##b.b.....# ##.## ##...#.# ###
##.###.#..# #.@.## #..######
#...#..##.#####Y...###..#.##.###
.###................#..........#
## ##.....#.#........#.####.##.#
.# ##...###............#######.#
####....# ####......##.##..#P#.#
.##..>..######.#..###........#.##
....##..#.##.####.##.#..........#
....................##.........##


You could see a death yak (unable to see you).

Vanquished Creatures
  A hydra (Lair:2)
  A two-headed ogre (D:9)
  15 death yaks
  4 skysharks
  Nergalle (Lair:2)
  The ghost of Heoruswealwe the Trooper, a novice DsFi of Qazlal (D:7)
  2 black mambas
  2 rime drakes (Lair:1)
  A kobold demonologist (D:7)
  6 cane toads
  A spectral unseen horror (D:7)
  3 komodo dragons
  3 blink frogs (Lair:2)
  A shadow (D:7)
  A spriggan (Lair:3)
  26 yaks
  3 wyverns
  A basilisk (Lair:1)
  A steam dragon (D:9)
  2 vampire mosquitoes (D:9)
  13 water moccasins
  An acid dragon (D:9)
  A sky beast (D:6)
  3 orc warriors
  An ogre (D:5)
  2 black bears
  3 wolves (Lair:1)
  2 centaurs
  5 phantoms
  Blork the orc (D:4)
  5 kobold brigands
  4 scorpions
  12 bullfrogs
  2 gnoll sergeants
  A howler monkey (D:9)
  An electric eel (Lair:1)
  3 bullfrog zombies (D:5)
  A centaur zombie (D:5)
  A gnoll bouda (D:5)
  2 hounds (D:6)
  2 jellies
  4 orc priests
  A centaur skeleton (D:7)
  A sleepcap (D:4)
  3 iguanas
  5 orc wizards
  A spectral howler monkey (D:7)
  Robin (D:4)
  15 gnolls
  12 adders
  3 shadow imps
  A white imp (D:8)
  An ufetubus (D:7)
  An adder zombie (D:5)
  3 worms
  A dart slug (D:4)
  23 orcs
  9 bats
  9 endoplasms
  5 giant cockroaches
  9 hobgoblins
  11 jackals
  29 kobolds
  5 quokkas
  13 ball pythons
  8 frilled lizards
  12 goblins
  8 rats
  2 butterflies (Lair:1)
338 creatures vanquished.

Notes
Turn   | Place    | Note
-------+----------+-------------------------------------------
     0 | D:1      | LittleThickWarRabbit the Minotaur Berserker began the quest
                  | for the Orb.
     0 | D:1      | Reached XP level 1. HP: 19/19 MP: 0/0
    63 | D:1      | Reached XP level 2. HP: 27/27 MP: 1/1
   270 | D:1      | Reached skill level 4 in Axes
   378 | D:1      | Reached ** piety under Trog
   379 | D:1      | Reached XP level 3. HP: 25/33 MP: 2/2
   618 | D:1      | Identified a scroll of acquirement
   618 | D:1      | Acquired the +1 crystal plate armour "Ollyan" {Str+2}
   825 | D:2      | Reached XP level 4. HP: 40/40 MP: 3/3
   836 | D:2      | Found a faded altar of an unknown god.
  1062 | D:2      | Reached skill level 5 in Axes
  1227 | D:3      | Reached *** piety under Trog
  1498 | D:3      | Reached XP level 5. HP: 19/46 MP: 4/4
  2148 | D:4      | Found an opulent altar of Gozag.
  2329 | D:4      | Reached skill level 6 in Axes
  2348 | D:4      | Reached **** piety under Trog
  2412 | D:4      | Noticed Robin
  2426 | D:4      | Reached XP level 6. HP: 52/52 MP: 5/5
  2428 | D:4      | Killed Robin
  2524 | D:4      | Noticed Blork the orc
  2530 | D:4      | Killed Blork the orc
  2704 | D:4      | Found Jubekky's Assorted Antiques.
  3160 | D:5      | Entered Level 5 of the Dungeon
  3160 | D:5      | You fall into a shaft and drop 1 floor!
  3198 | D:6      | Reached skill level 7 in Axes
  3198 | D:6      | Reached XP level 7. HP: 58/58 MP: 6/6
  3199 | D:6      | Reached skill level 5 in Armour
  3273 | D:5      | Reached skill level 5 in Dodging
  3320 | D:5      | Reached skill level 8 in Axes
  3522 | D:5      | Reached XP level 8. HP: 60/66 MP: 7/7
  3777 | D:5      | Reached skill level 9 in Axes
  3789 | D:5      | Found a basalt altar of Yredelemnul.
  3859 | D:5      | Found a sparkling altar of Nemelex Xobeh.
  3869 | D:5      | Found a glowing golden altar of the Shining One.
  4286 | D:6      | Reached ***** piety under Trog
  4382 | D:6      | Found a blossoming altar of Fedhas.
  4405 | D:6      | Reached skill level 10 in Axes
  4610 | D:6      | Reached XP level 9. HP: 71/71 MP: 8/8
  4927 | D:7      | Found a staircase to the Ecumenical Temple.
  4978 | D:7      | Found a bloodstained altar of Trog.
  4978 | D:7      | Found an iron altar of Okawaru.
  4986 | D:7      | Found a faded altar of an unknown god.
  4988 | D:7      | Found a faded altar of an unknown god.
  4992 | D:7      | Found a radiant altar of Vehumet.
  5031 | D:7      | Received a gift from Trog
  5259 | D:7      | Noticed a kobold demonologist
  5270 | D:7      | Killed a kobold demonologist
  5271 | D:7      | Reached skill level 11 in Axes
  5278 | D:7      | Found a sacrificial altar of Ru.
  5620 | D:7      | Found a runed translucent gate.
  5623 | D:7      | Noticed a spectral unseen horror
  5626 | D:7      | Found a runed translucent gate.
  5627 | D:7      | Found a runed translucent gate.
  5634 | D:7      | Noticed Heoruswealwe's ghost (novice DsFi)
  5637 | D:7      | Killed a spectral unseen horror
  5645 | D:7      | Killed Heoruswealwe's ghost
  5646 | D:7      | Reached skill level 12 in Axes
  5904 | D:8      | Found a snail-covered altar of Cheibriados.
  6134 | D:8      | Found a shimmering blue altar of Sif Muna.
  6633 | D:9      | Reached XP level 10. HP: 78/78 MP: 9/9
  6634 | D:9      | Noticed a two-headed ogre
  6642 | D:9      | Killed a two-headed ogre
  6643 | D:9      | Reached skill level 13 in Axes
  6947 | D:9      | Found a staircase to the Lair.
  6962 | D:9      | Reached skill level 1 in Throwing
  6962 | D:9      | Reached skill level 10 in Armour
  6964 | D:9      | Reached skill level 14 in Axes
  7421 | D:10     | Entered Level 10 of the Dungeon
  7435 | Lair:1   | Entered Level 1 of the Lair of Beasts
  7542 | Lair:1   | Noticed a cane toad
  7546 | Lair:1   | Killed a cane toad
  7554 | Lair:1   | Reached XP level 11. HP: 80/83 MP: 10/10
  7951 | Lair:1   | Reached skill level 15 in Axes
  7964 | Lair:1   | Reached skill level 10 in Dodging
  7964 | Lair:1   | Received a gift from Trog
  8821 | Lair:2   | Noticed a five-headed hydra
  8837 | Lair:2   | Killed a ten-headed hydra
  9077 | Lair:2   | Noticed a death yak
  9078 | Lair:2   | Noticed a death yak
  9079 | Lair:2   | Noticed a skyshark
  9079 | Lair:2   | Noticed a death yak
  9079 | Lair:2   | Noticed a death yak
  9079 | Lair:2   | Noticed a death yak
  9079 | Lair:2   | Noticed a death yak
  9120 | Lair:3   | Killed a skyshark
  9253 | Lair:3   | Reached skill level 16 in Axes
  9255 | Lair:3   | Reached skill level 5 in Throwing
  9257 | Lair:3   | Reached XP level 12. HP: 91/91 MP: 3/11
  9437 | Lair:2   | You fall into a shaft and drop 1 floor!
  9474 | Lair:3   | Found a staircase to the Swamp.
  9514 | Lair:2   | Found a hole to the Spider Nest.
  9519 | Lair:2   | Noticed a death yak
  9521 | Lair:2   | Noticed a death yak
  9541 | Lair:2   | Noticed a death yak
  9543 | Lair:2   | Noticed a death yak
  9552 | Lair:2   | Noticed a death yak
  9552 | Lair:2   | Noticed a death yak
  9563 | Lair:3   | Killed a death yak
  9815 | Lair:3   | Killed a death yak
  9816 | Lair:3   | Killed a death yak
  9891 | Lair:2   | Killed a death yak
  9892 | Lair:2   | Killed a death yak
  9895 | Lair:2   | Killed a death yak
  9942 | Lair:2   | Noticed a death yak
  9943 | Lair:2   | Noticed a death yak
  9944 | Lair:2   | Noticed a death yak
  9944 | Lair:2   | Noticed a death yak
  9944 | Lair:2   | Noticed a death yak
  9959 | Lair:3   | Killed a death yak
  9960 | Lair:3   | Reached skill level 17 in Axes
  9961 | Lair:3   | Killed a death yak
 10279 | Lair:2   | Killed a death yak
 10284 | Lair:2   | Killed a death yak
 10284 | Lair:2   | Killed a death yak
 10802 | Lair:2   | Noticed Nergalle
 10826 | Lair:2   | Killed Nergalle
 11152 | Lair:2   | Killed a death yak
 11157 | Lair:2   | Killed a death yak
 11158 | Lair:2   | Reached XP level 13. HP: 96/96 MP: 4/12
 11223 | Lair:1   | Slain by a death yak

Illustrated notes

Levels and vault maps discovered:
D:1:      nzn_arrival_depleted_hourglass, layout_rooms
D:2:      layout_rooms, nicolae_ecumenical_snake_handling
D:3:      layout_loops_ring
D:4:      layout_loops_corners, grunt_gozag_breadcrumbs, serial_shops,
          nicolae_shop_overgrown_old_shop, uniq_robin, uniq_blork_the_orc
D:5:      layout_basic, nicolae_yredelemnul_corpse_copse,
          amethyst_overflow_temple_binary, guppyfry_early_orc_mine
D:6:      cheibrodos_thug_alley, layout_gridville, mainiacjoe_overflow_brackets,
          kennysheep_generic_room_10
D:7:      layout_basic, chequers_temple_overflow_minitemple,
          overflow_temple_1_default, minmay_temple_entry_tees,
          gammafunk_ghost_necromancy, eino_small_chamber_without_monster
D:8:      layout_loops_corners, mainiacjoe_overflow_24_doors,
          nicolae_sif_muna_condensation
D:9:      layout_cave_pools, due_lair_maze_entry_diamond, moated_statue
D:10:     layout_irregular_city, mainiacjoe_overflow_alcove_2
Lair:1:   layout_loops_ring, nicolae_volcano_entry_s_turn, serial_bayou_shore_a,
          grunt_megastairs_5, lemuel_fruit_fields
Lair:2:   layout_chaotic_city, spider_nest_entry_web_field,
          gauntlet_entry_generic, uniq_nergalle
Lair:3:   wad_woods_settlement, layout_regular_city, swamp_mist

Skill      XL: |  1  2  3  4  5  6  7  8  9 10 11 12 |
---------------+-------------------------------------+-----
Axes           | 4 5 6 7 8 10 12 14 16 17 | 17.8
Armour         | 3 4 6 7 8 10 11 12 | 12.9
Dodging        | 3 4 5 6 8 9 10 11 | 11.9
Throwing       | 2 5 7 |  7.1
Fighting       | |  3.9

Action                     |  1- 3 |  4- 6 |  7- 9 | 10-12 | 13-15 || total
---------------------------+-------+-------+-------+-------+-------++-------
  Melee: Hand axe          |    87 |    36 |       |       |       ||   123
         Headbutt          |    13 |    17 |    25 |    76 |     6 ||   137
         War axe           |       |    80 |       |       |       ||    80
         Battleaxe         |       |    19 |    98 |       |       ||   117
         Executioner's axe |       |       |    45 |   128 |       ||   173
         Broad axe         |       |       |       |   216 |    20 ||   236
  Throw: Dart              |       |       |     5 |     1 |       ||     6
 Invoke: Berserk           |       |     1 |     2 |    11 |     1 ||    15
         Trog's Hand       |       |       |     2 |     8 |     1 ||    11
         Brothers in Arms  |       |       |       |     2 |       ||     2
    Use: Scroll            |     3 |    11 |     7 |     2 |       ||    23
         Potion            |       |       |       |     1 |     1 ||     2
   Stab: Invisible         |       |       |       |       |     4 ||     4
 Armour: Animal skin       |     4 |       |       |       |       ||     4
         Chain mail        |    42 |       |       |       |       ||    42
         Crystal plate arm |    20 |   125 |    77 |   209 |     7 ||   438
  Dodge: Dodged            |    55 |    64 |    91 |   224 |    15 ||   449
  Block: Other             |       |       |    15 |    32 |       ||    47
         Reflection        |       |       |     1 |     1 |       ||     2
         Kite shield       |       |       |       |   166 |    18 ||   184
